 Dungeon Crawl Stone Soup version 0.20.1-1-g8b1a95d66d (webtiles) character file.

182 FullBlownAIDS the Scratcher (level 5, -5/24 HPs)
             Began as a Felid Fighter on Nov 25, 2017.
             Killed from afar by Ijyb (16 damage)
             ... with a wand of acid (?/15)
             ... on level 3 of the Dungeon.
             The game lasted 00:06:40 (2968 turns).

FullBlownAIDS the Scratcher (Felid Fighter)         Turns: 2968, Time: 00:06:41

Health: -5/24      AC:  1    Str: 12    XL:     5   Next: 34%
Magic:  6/6        EV: 21    Int: 10    God:
Gold:   199        SH:  0    Dex: 16    Spells: 4/4 levels left
                                        Lives:  0   Deaths: 1

rFire    . . .     SeeInvis +     - Unarmed
rCold    . . .     Gourm    .   (shield unavailable)
rNeg     . . .     Faith    .   (armour unavailable)
rPois    .         Spirit   .   (helmet unavailable)
rElec    .         Reflect  .   (cloak unavailable)
rCorr    .         Harm     .   (gloves unavailable)
MR       .....                  (boots unavailable)
Stlth    ++++......             (no amulet)
Regen    0.1/turn               (no ring)
MPRegen  0.1/turn               (no ring)

@: quick
A: no armour, no weapons or thrown items, stealth, claws 1, fangs 3, repulsion
field 1, see invisible, carnivore 3, speed 1, sense surroundings 1, shaggy fur
1, slow metabolism 1, sharp paws
a: no special abilities


You were on level 3 of the Dungeon.
You were full.

You visited 1 branch of the dungeon, and saw 3 of its levels.
You also visited: Sewer.

You collected 199 gold pieces.

Inventory:

Wands
 e - a wand of random effects (12/48)
Scrolls
 c - a scroll of enchant armour {unknown}
 d - 2 scrolls of recharging {unknown}
 f - 6 scrolls of teleportation
 h - 3 scrolls of fog
 k - a scroll of remove curse {unknown}
 l - a scroll of identify
Potions
 a - 2 potions of magic {unknown}
 g - 4 potions of flight
 i - a potion of ambrosia {unknown}
 j - a potion of brilliance
Comestibles
 b - 5 meat rations


   Skills:
 - Level 3.0 Fighting
 - Level 4.0 Dodging
 + Level 6.0 Stealth
 + Level 6.0 Unarmed Combat


You had 4 spell levels left.
You didn't know any spells.

Dungeon Overview and Level Annotations

Branches:
Dungeon (3/15)

Altars:
Dithmenos
Xom

Annotations:
D:3 Ijyb


Innate Abilities, Weirdness & Mutations

You cannot wear armour.
You are incapable of wielding weapons or throwing items.
Your paws allow you to move quietly. (Stealth)
You have sharp claws.
You have razor-sharp teeth.
You have supernaturally acute eyesight. (SInv)
You are carnivorous and can eat meat at any time.
You cover ground quickly.
You are covered in fur. (AC +1)
You have a slow metabolism.
Your sharp claws are effective at attacking unaware monsters.
You are surrounded by a mild repulsion field. (EV +2)
You passively map a small area around you.


Message History

You are too injured to fight recklessly!
You are too injured to fight recklessly!
You are too injured to fight recklessly!
You are too injured to fight recklessly!
You are too injured to fight recklessly!
You are too injured to fight recklessly!
You are too injured to fight recklessly!
You are too injured to fight recklessly!
You are too injured to fight recklessly!
You are too injured to fight recklessly!
You are too injured to fight recklessly!
Unknown command.
The quokka closely misses you. Ijyb screams, "Me stronger than you!"
Ijyb zaps a wand.
The bolt of acid hits the quokka.
The quokka is splashed with acid.
The acid corrodes the quokka!
The quokka dies!
The bolt of acid hits you!
Ouch! That really hurt!
You die...

#...<#.#.....#.# #......###.
######.#.....#,#***#..........
*..,#.......#,,,,,+......####
*.§.#.#####.#######......#
*._...###................#
*.§.......#.##........#.#####
*........g..................†
*.......o.†.#........#.......
*.....#####.@................
*###*,#.....#........#.......
*,#.#...#........#.......
******,#†#...........,#.......
*,,,,,,#.#.###.#+######.......
*,######..).....<#............
*,#........#######............
*,#.............##.........###
*,#.......#.....##..........##


You could see Ijyb and an orc.

Vanquished Creatures
  A crimson imp (D:3)
  A merfolk siren (Sewer)
  A merfolk avatar (Sewer)
  4 gnolls (D:2)
  5 adders
  A river rat (Sewer)
  An ooze (D:1)
  2 worms (D:2)
  5 leopard geckos
  2 orcs (D:3)
  6 bats
  8 giant cockroaches
  12 goblins
  5 hobgoblins
  4 jackals
  3 quokkas
  7 ball pythons
  8 frilled lizards
  3 kobolds
  36 rats
  A butterfly (D:3)
116 creatures vanquished.

Vanquished Creatures (others)
  A quokka (D:3)
1 creature vanquished.

Grand Total: 117 creatures vanquished

Notes
Turn   | Place    | Note
-------+----------+-------------------------------------------
     0 | D:1      | FullBlownAIDS the Felid Fighter began the quest for the Orb.
     0 | D:1      | Reached XP level 1. HP: 10/10 MP: 2/2
    54 | D:1      | Reached skill level 1 in Stealth
   277 | D:1      | Reached XP level 2. HP: 11/14 MP: 3/3
   707 | D:2      | Reached XP level 3. HP: 16/17 MP: 4/4
  1290 | D:2      | Reached XP level 4. HP: 21/21 MP: 5/5
  1291 | D:2      | Reached skill level 5 in Unarmed Combat
  1640 | D:3      | Found a shimmering altar of Xom.
  1694 | D:3      | Found a glowing drain.
  1736 | Sewer    | Entered a sewer
  1746 | Sewer    | Reached XP level 5. HP: 24/24 MP: 6/6
  1835 | Sewer    | Gained mutation: You are surrounded by a mild repulsion field. (EV +2) [potion of mutation]
  1835 | Sewer    | Gained mutation: You passively map a small area around you. [potion of mutation]
  1849 | Sewer    | Reached skill level 5 in Stealth
  2265 | Sewer    | HP: 1/24 [ball python (1)]
  2266 | Sewer    | Slain by a ball python
  2267 | Sewer    | Reached XP level 4. HP: 0/21 MP: 5/5
  2779 | D:3      | Reached XP level 5. HP: 21/24 MP: 6/6
  2952 | D:3      | Noticed Ijyb
  2956 | D:3      | Found a shadowy altar of Dithmenos.
  2968 | D:3      | Killed from afar by Ijyb

Skill      XL: |  1  2  3  4  5 |
---------------+----------------+-----
Stealth        | 1 2 3 4 6 |  6.0
Unarmed Combat | 5 6 |  6.0
Fighting       | |  3.0
Dodging        | |  4.0

Action                   |  1- 3 |  4- 6 || total
-------------------------+-------+-------++-------
Melee: Unarmed           |   107 |   175 ||   282
       Bite              |    10 |    10 ||    20
       Punch             |     1 |     1 ||     2
Evoke: Wand              |       |     4 ||     4
  Use: Scroll            |       |     4 ||     4
       Potion            |       |     4 ||     4
 Stab: Sleeping          |     9 |    15 ||    24
  Eat: Chunk             |       |    13 ||    13
Armor: Skin              |     8 |     3 ||    11
Dodge: Dodged            |    72 |   170 ||   242
